 Dungeon Crawl Stone Soup version 0.29.1-4-g47bece8355 (webtiles) character file.

Game seed: 6750248722570486744

91 CaptainMV the Stinger (level 4, -6/33 HPs)
             Began as a Draconian Venom Mage on Dec 7, 2022.
             Succumbed to a water moccasin's poison
             ... in a sewer.
             The game lasted 00:20:00 (1951 turns).

CaptainMV the Stinger (Draconian Venom Mage)        Turns: 1951, Time: 00:20:00

Health: -6/33      AC:  6    Str: 10    XL:     4   Next: 33%
Magic:  1/8        EV: 12    Int: 17    God:
Gold:   81         SH:  5    Dex: 12    Spells: 6/8 levels left

rFire   . . .      SeeInvis .   j - staff of conjuration
rCold   . . .      Faith    .   (no shield)
rNeg    . . .      Spirit   .   (body armour unavailable)
rPois   .          Reflect  +   (helmet restricted)
rElec   .          Harm     .   (no cloak)
rCorr   .          Rampage  .   (no gloves)
Will    .....                   r - +0 pair of boots
Stlth   +.........              k - amulet of reflection
HPRegen 0.11/turn               (no ring)
MPRegen 0.11/turn               (no ring)

@: lethally poisoned (-6 -> -36), very slightly contaminated, very slow
A: AC +5, unfitting armour, cold-blooded
a: no special abilities


You were in a sewer.
You visited 1 branch of the dungeon, and saw 3 of its levels.
You also visited: Sewer.

You collected 81 gold pieces.

Inventory:

Hand Weapons
 e - a +0 short sword
Armour
 r - a +0 pair of boots (worn)
Magical Staves
 j - a staff of conjuration (weapon)
 n - a staff of conjuration
Jewellery
 k - an amulet of reflection (around neck)
 q - an amulet of magic regeneration
Scrolls
 d - 2 scrolls of teleportation {unknown}
 f - a scroll of poison {unknown}
 i - 2 scrolls of blinking {unknown}
 l - 3 scrolls of identify {unknown}
 o - a scroll of noise {unknown}
 p - a scroll of torment {unknown}
 s - a scroll of vulnerability {unknown}
 u - a scroll of immolation {unknown}
 v - a scroll of butterflies {unknown}
Potions
 a - a potion of magic
 b - a potion of cancellation {unknown}
 c - a potion of might {unknown}
 g - a potion of haste {unknown}
 h - a potion of flight {unknown}
 m - a potion of attraction {unknown}
 t - a potion of curing {unknown}


   Skills:
 + Level 0.2 Fighting
 + Level 0.1 Short Blades
 + Level 0.3 Staves
 + Level 2.6 Dodging
 + Level 2.0 Stealth
 + Level 0.3 Shields
 + Level 2.7 Spellcasting
 + Level 0.5 Necromancy
 + Level 1.1 Transmutations
 + Level 3.6 Poison Magic


You had 6 spell levels left.
You knew the following spells:

 Your Spells              Type           Power      Damage    Failure   Level
a - Sting                 Tmut/Pois      40%        1d5       7%          1
b - Necrotise             Necr           16%        1d4       14%         1

Your spell library contained the following spells:

 Spells                   Type           Power      Damage    Failure   Level
 Poisonous Vapours        Pois/Air       16%        N/A       13%         2
 Apportation              Tloc           4%         N/A       19%         1
 Summon Small Mammal      Summ           8%         N/A       19%         1
 Mephitic Cloud           Conj/Pois/Air  9%         N/A       32%         3
 Olgreb's Toxic Radiance  Pois           14%        N/A       38%         4


Dungeon Overview and Level Annotations

Branches:
Dungeon (3/15)              Sewer (1/1)

Altars:


Innate Abilities, Weirdness & Mutations

Your plain brown scales are hard. (AC +5)
You cannot fit into any form of body armour.
You are cold-blooded and may be slowed by cold attacks.


Message History

Casting: Sting (safe; 7% risk of failure)
Confirm with . or Enter, or press ? or * to list all spells.
Aiming: Sting (safe; 7% risk of failure)
Press: ? - help, Shift-Dir - straight line, f/p - water moccasin
Aim: a water moccasin (moderately wounded, 53% to hit)
The sting hits the water moccasin but does no damage.
The water moccasin is poisoned.
The water moccasin is moderately wounded.
You feel sick. The water moccasin bites you.
* * * LOW HITPOINT WARNING * * *
You are lethally poisoned!
The water moccasin poisons you! The water moccasin bites you.
* * * LOW HITPOINT WARNING * * *
Casting: Sting (safe; 7% risk of failure)
Confirm with . or Enter, or press ? or * to list all spells.
Aiming: Sting (safe; 7% risk of failure)
Press: ? - help, Shift-Dir - straight line, f/p - water moccasin
Aim: a water moccasin (moderately wounded, poisoned, 53% to hit)
The sting hits the water moccasin.
The water moccasin partially resists.
The water moccasin is moderately wounded.
* * * LOW HITPOINT WARNING * * *
You feel very sick.
The water moccasin bites you but does no damage.
Casting: Sting (safe; 7% risk of failure)
Confirm with . or Enter, or press ? or * to list all spells.
Aiming: Necrotise (safe; 14% risk of failure)
Press: ? - help, Shift-Dir - straight line, f/p - water moccasin
Aim: a water moccasin (heavily wounded, poisoned, chance to affect: 48%)
You miscast Necrotise.
You are very lightly contaminated with residual magic.
Nothing appears to happen.
* * * LOW HITPOINT WARNING * * *
You feel very sick. The water moccasin bites you.
* * * LOW HITPOINT WARNING * * *
You are more poisoned.
The water moccasin poisons you!
The water moccasin bites you but does no damage.
Your unstable footing causes you to fumble your attack.
You die...

# #### # ....## ##
$ ## .~....### #.
).##~ #~~~..### #.
##~.~. #.~.~.###.
...~..# ##.....~..
#~....###
###~~.~.###.
#..S@.####.~...###
#.
###...~..~~~.###
#. ###......### ##
######## # # #


You could see a water moccasin (poisoned).

Vanquished Creatures
  4 adders
  A river rat (D:3)
  An orc (D:3)
  2 ball pythons (D:1)
  7 bats
  2 endoplasms (D:1)
  3 giant cockroaches
  3 goblins
  5 hobgoblins
  4 quokkas
  5 frilled lizards
  4 rats
41 creatures vanquished.

Vanquished Creatures (collateral kills)
  2 bats
  A rat (D:2)
3 creatures vanquished.

Grand Total: 44 creatures vanquished

Notes
Turn   | Place    | Note
-------+----------+-------------------------------------------
     0 | D:1      | CaptainMV the Draconian Venom Mage began the quest for the
                  | Orb.
     0 | D:1      | Reached XP level 1. HP: 14/14 MP: 3/3
   313 | D:1      | Reached XP level 2. HP: 19/20 MP: 5/5
   387 | D:1      | Learned a level 1 spell: Necrotise
   530 | D:1      | Found a faded altar of an unknown god.
   700 | D:2      | Reached XP level 3. HP: 22/26 MP: 0/6
  1677 | D:3      | Reached XP level 4. HP: 33/33 MP: 7/7
  1805 | D:3      | Found a glowing drain.
  1809 | Sewer    | Entered a sewer
  1937 | Sewer    | Noticed a water moccasin
  1950 | Sewer    | HP: 1/33 [water moccasin (2)]
  1951 | Sewer    | Succumbed to a water moccasin's poison

Illustrated notes

Levels and vault maps discovered:
D:1:      dpeg_arrival_circle_labyrinth_c, layout_basic,
          hellmonk_ecumenical_altar_pennies_from_heaven, nrook_campfire
D:2:      layout_loops_cross
D:3:      layout_basic, gup_sewer_entry_spiral, uniq_natasha, uniq_sigmund
Sewer:    sewer_the_moccasin

Skill      XL: |  1  2 |
---------------+-------+-----
Stealth        | 2 |  2.0
Dodging        | 2 |  2.6
Fighting       | |  0.2
Short Blades   | |  0.1
Staves         | |  0.3
Shields        | |  0.3
Spellcasting   | |  2.7
Necromancy     | |  0.5
Transmutations | |  1.1
Poison Magic   | |  3.6

Action                   |  1- 3 |  4- 6 || total
-------------------------+-------+-------++-------
Melee: Unarmed           |    11 |       ||    11
       Short sword       |    62 |       ||    62
       Tailslap          |    13 |     3 ||    16
       Staff             |    68 |    51 ||   119
       Punch             |       |     1 ||     1
 Cast: Sting             |     6 |     4 ||    10
       Necrotise         |    32 |     8 ||    40
 Stab: Sleeping          |     3 |     1 ||     4
Armor: Skin              |    58 |    14 ||    72
Dodge: Dodged            |   118 |    31 ||   149
Block: Other             |    22 |    12 ||    34
